 Dungeon Crawl Stone Soup version 0.26-b1-45-g23770d1d51 (webtiles) character file.

Game seed: 3919817781377107003

65 DocSulfur the Ruffian (level 3, 0/43 HPs)
             Began as a Draconian Transmuter on Jan 6, 2021.
             Succumbed to Crazy Yiuf's poison
             ... on level 2 of the Dungeon.
             The game lasted 00:04:09 (2148 turns).

DocSulfur the Ruffian (Draconian Transmuter)        Turns: 2148, Time: 00:04:10

Health: 0/43       AC: 21    Str: 13    XL:     3   Next: 92%
Magic:  6/6        EV:  2    Int: 13    God:
Gold:   108        SH:  0    Dex: 11    Spells: 5/6 levels left

rFire    + + .     SeeInvis .     - Unarmed
rCold    . . .     Faith    .   (no shield)
rNeg     + + +     Spirit   .   (armour unavailable)
rPois    +         Reflect  .   (helmet currently unavailable)
rElec    +         Harm     .   (cloak currently unavailable)
rCorr    +         Rampage  .   (gloves currently unavailable)
Will     .....     NoTele   +   (boots currently unavailable)
Stlth    +.........             h - amulet of magic regeneration
HPRegen  0.14/turn              a - ring of fire
MPRegen  0.35/turn              f - ring of teleportation (curse)

@: lethally poisoned (0 -> -5), tree-form, resistant
A: unfitting armour, AC +5
a: no special abilities


You were on level 2 of the Dungeon.
You were a tree.
You visited 1 branch of the dungeon, and saw 2 of its levels.

You collected 108 gold pieces.

Inventory:

Missiles
 k - 22 poisoned darts
 l - 82 stones
 m - 12 bolts
 o - 45 arrows
Armour
 e - a +0 pair of boots (melded)
Jewellery
 a - a ring of fire (left branch)
 f - a cursed ring of teleportation (right branch)
 h - an amulet of magic regeneration (around neck)
Scrolls
 b - a scroll of amnesia
 d - a scroll of fear
 g - a scroll of remove curse {unknown}
 i - 2 scrolls of teleportation
 j - a scroll of blinking
 n - a scroll of enchant weapon {unknown}


   Skills:
 + Level 2.0 Fighting
 - Level 2.2 Dodging
 * Level 3.5 Unarmed Combat
 + Level 2.4 Spellcasting
 * Level 2.6 Transmutations


You had 5 spell levels left.
You knew the following spells:

 Your Spells              Type           Power        Failure   Level
a - Beastly Appendage     Tmut           16%          9%          1

Your spell library contained the following spells:

 Spells                   Type           Power        Failure   Level
 Wereblood                Tmut           8%           12%         2
 Spider Form              Tmut/Pois      2%           38%         3
 Ice Form                 Ice/Tmut       5%           80%         4
 Blade Hands              Tmut           4%           92%         5


Dungeon Overview and Level Annotations

Branches:
Dungeon (2/15)

Altars:


Innate Abilities, Weirdness & Mutations

((Your plain brown scales are hard. (AC +5)))
You cannot fit into any form of body armour.
((You are cold-blooded and may be slowed by cold attacks.))


Message History

Really quaff the potion of lignification?
Okay, then.
Really quaff the potion of lignification?
Your horns disappear.
Your talons disappear.
Your +0 pair of boots unmelds from your body.
You turn into a tree.
Your +0 pair of boots melds into your body.
Your roots penetrate the ground.
* * * LOW HITPOINT WARNING * * *
You feel sick.
You barely miss Crazy Yiuf.
Crazy Yiuf is severely wounded.
Crazy Yiuf hits you but does no damage.
You barely miss Crazy Yiuf.
Crazy Yiuf is severely wounded.
* * * LOW HITPOINT WARNING * * *
You feel sick. Crazy Yiuf hits you but does no damage.
You smack Crazy Yiuf!
You kill Crazy Yiuf!
You die...

##..#####.....<## #....#
#.......## ##### ♣....♣
#........# #...# ♣...♣♣
#........# #...# ♣♣.♣♣ #........#
#...# ♣.♣♣ #........# ### #...#
♣♣.♣ #........### ..#### #...#
♣.♣♣ #....)...... .....###...#
♣♣♣♣ #........... ..#........#
#)# #........... ..#.####...# ...
#........... ###.######.# #...#
#........... .......# #.# #..)#
#........... .......##### #####
#........... ........###
#...........
.)<.......############...........
..)..............................


There were no monsters in sight!

Vanquished Creatures
  Crazy Yiuf (D:2)
  2 adders (D:2)
  5 dart slugs (D:1)
  A leopard gecko (D:1)
  3 bats
  5 hobgoblins
  5 jackals
  7 frilled lizards
  A goblin (D:2)
  5 kobolds
  4 rats
39 creatures vanquished.

Notes
Turn   | Place    | Note
-------+----------+-------------------------------------------
     0 | D:1      | DocSulfur the Draconian Transmuter began the quest for the
                  | Orb.
     0 | D:1      | Reached XP level 1. HP: 16/16 MP: 3/3
   274 | D:1      | Reached XP level 2. HP: 21/23 MP: 5/5
   904 | D:1      | Reached XP level 3. HP: 29/29 MP: 6/6
  1914 | D:2      | Found a runed translucent door.
  1915 | D:2      | Noticed Crazy Yiuf
  2145 | D:2      | HP: 2/43 [poisoned by Crazy Yiuf]
  2148 | D:2      | Killed Crazy Yiuf
  2148 | D:2      | Succumbed to Crazy Yiuf's poison

Illustrated notes

Levels and vault maps discovered:
D:1:      denvon_arrival_waterhouse, layout_loops_ring
D:2:      layout_rooms, uniq_crazy_yiuf_cottage

Skill      XL: |  1  2  3 |
---------------+----------+-----
Dodging        | 2 |  2.2
Fighting       | 2 |  2.0
Unarmed Combat | |  3.5
Spellcasting   | |  2.4
Transmutations | |  2.6

Action                   || total
-------------------------++-------
Melee: Unarmed           ||   150
       Kick              ||    19
       Punch             ||     3
       Tailslap          ||     9
       Headbutt          ||     9
 Cast: Beastly Appendage ||    15
  Use: Scroll            ||     6
       Potion            ||     5
 Stab: Invisible         ||     1
       Sleeping          ||     1
Armor: Skin              ||    60
Dodge: Dodged            ||   107
